 Dungeon Crawl Stone Soup version 0.29.1-15-g9cfb28693d (webtiles) character file.

Game seed: 11982798629383451891

522225 wingedge the Convoker (level 25, -6/253 HPs)
             Began as a Naga Hunter on Feb 21, 2023.
             Was a High Priest of Ashenzari.
             Splashed with acid (15 damage)
             ... on level 5 of the Pits of Slime on Feb 28, 2023.
             The game lasted 07:37:24 (58883 turns).

wingedge the Convoker (Naga Hunter)                Turns: 58883, Time: 07:37:24

Health: -6/253     AC: 35    Str: 16    XL:     25   Next: 92%
Magic:  1/44       EV: 14    Int: 21    God:    Ashenzari [*****.]
Gold:   4249       SH: 22    Dex: 24    Spells: 7/59 levels left

rFire   + + +      SeeInvis +   a - +6 hand crossbow "Shackled Shame" {flame, Comp, Fort} (curse)
rCold   + + .      Faith    .   F - +0 kite shield of the Fated Omen {Evo, Alch} (curse)
rNeg    + . .      Spirit   .   f - quicksilver dragon scales of Ashenzari's Paranoia {-Tele rElec rF+ Will+, Range, Comp} (curse)
rPois   +          Reflect  +   c - +0 helmet of Ashenzari's Loss {rF++, Comp, Fort} (curse)
rElec   +          Harm     .   Z - +1 cloak "Circumscribed Together" {rC+ Str+4, Fort, Comp} (curse)
rCorr   +          Rampage  .   j - +1 pair of gloves "Circumscribed Omission" {Dex+4, Range, Self} (curse)
Will    ++++.      Clarity  +   H - +2 barding "Astrological Sybil" {Comp, Bglg} (curse)
Stlth   +++++..... NoTele   +   v - amulet of the Ruined Irritation {Reflect SH+5, Comp, Alch} (curse)
HPRegen 0.52/turn               z - ring of the Tethered Burden {rPois rCorr, Fort, Self} (curse)
MPRegen 0.29/turn               X - ring "Duus" {rC+ rN+ Str-3 Int+8}

@: death channelling, portalling projectiles, calling dragons, hasted, studying
2 skills, quick
A: AC +8, large, see invisible, deformed body, poison resistance, slowness 2,
spit poison 1, naga tail 2, deterioration 1, dopey 1, evolution 1
}: 2/15 runes: decaying, gossamer
a: Spit Poison, Renounce Religion, Curse Item, Shatter the Chains


You were on level 5 of the Pits of Slime.
You worshipped Ashenzari.
Ashenzari was extremely pleased with you.
You visited 10 branches of the dungeon, and saw 46 of its levels.
You visited the Abyss 8 times.
You also visited: Ossuary.

You collected 6195 gold pieces.
You spent 1946 gold pieces at shops.

Inventory:

Hand Weapons
 a - the cursed +6 hand crossbow "Shackled Shame" (weapon) {flame, Comp, Fort}
   (You bought it in a shop on level 4 of the Dungeon)

   Any ammunition fired from it burns those it strikes, dealing additional fire
   damage.
   It has a curse which improves the following skills: Companions: Summonings
   and Necromancy.
   Fortitude: Armour and Shields.
 O - a +1 rapier of distortion
 U - the +4 dagger "Morg" {pain, Will+ Int+5}
   (You found it on level 3 of the Crypt)

   In the hands of one skilled in necromantic magic, it inflicts extra damage on
   living creatures.
   Int:       It affects your intelligence (+5).
   Will:      It increases your willpower.
Missiles
 b - 3 throwing nets
Armour
 c - the cursed +0 helmet of Ashenzari's Loss (worn) {rF++, Comp, Fort}
   (You found it on level 13 of the Dungeon)

   rF:        It greatly protects you from fire.
   It has a curse which improves the following skills: Companions: Summonings
   and Necromancy.
   Fortitude: Armour and Shields.
 f - the cursed quicksilver dragon scales of Ashenzari's Paranoia (worn) {-Tele rElec rF+ Will+, Range, Comp}
   (You acquired it on level 7 of the Dungeon)

   rF:        It protects you from fire.
   rElec:     It insulates you from electricity.
   -Tele:     It prevents most forms of teleportation.
   Will:      It increases your willpower.
   It has a curse which improves the following skills: Ranged Combat: Ranged
   Weapons and Throwing.
   Companions: Summonings and Necromancy.
 j - the cursed +1 pair of gloves "Circumscribed Omission" (worn) {Dex+4, Range, Self}
   (You acquired it on level 12 of the Dungeon)

   Dex:       It affects your dexterity (+4).
   It has a curse which improves the following skills: Ranged Combat: Ranged
   Weapons and Throwing.
   Introspection: Fighting and Spellcasting.
 F - the cursed +0 kite shield of the Fated Omen (worn) {Evo, Alch}
   (You took it off a gnoll sergeant on level 6 of the Dungeon)

   It has a curse which improves the following skills: Evocations: Evocations.
   Alchemy:   Poison Magic and Transmutations.
 H - the cursed +2 barding "Astrological Sybil" (worn) {Comp, Bglg}
   (You found it on level 7 of the Dungeon)

   It has a curse which improves the following skills: Companions: Summonings
   and Necromancy.
   Beguiling: Conjurations, Hexes and Translocations.
 Z - the cursed +1 cloak "Circumscribed Together" (worn) {rC+ Str+4, Fort, Comp}
   (You found it on level 2 of the Swamp)

   Str:       It affects your strength (+4).
   rC:        It protects you from cold.
   It has a curse which improves the following skills: Fortitude: Armour and
   Shields.
   Companions: Summonings and Necromancy.
Jewellery
 k - a ring of resist corrosion
 t - a ring of flight
 v - the cursed amulet of the Ruined Irritation (around neck) {Reflect SH+5, Comp, Alch}
   (You found it on level 4 of the Vaults)

   [amulet of reflection]

   It reflects blocked missile attacks.
   SH:        It affects your SH (+5).
   It has a curse which improves the following skills: Companions: Summonings
   and Necromancy.
   Alchemy:   Poison Magic and Transmutations.
 z - the cursed ring of the Tethered Burden (left hand) {rPois rCorr, Fort, Self}
   (You took it off an ogre mage on level 10 of the Dungeon)

   [ring of poison resistance]

   rPois:     It protects you from poison.
   rCorr:     It protects you from acid and corrosion.
   It has a curse which improves the following skills: Fortitude: Armour and
   Shields.
   Introspection: Fighting and Spellcasting.
 X - the ring "Duus" (right hand) {rC+ rN+ Str-3 Int+8}
   (You found it on level 3 of the Crypt)

   [ring of positive energy]

   Str:       It affects your strength (-3).
   Int:       It affects your intelligence (+8).
   rC:        It protects you from cold.
   rN:        It protects you from negative energy.
Wands
 d - a wand of polymorph (6)
 A - a wand of light (10)
 C - a wand of digging (1)
 E - a wand of charming (40)
Scrolls
 e - 6 scrolls of fog
 l - 3 scrolls of enchant armour
 q - 6 scrolls of fear
 y - 8 scrolls of immolation
 I - 8 scrolls of poison
 L - 3 scrolls of vulnerability
 Q - a scroll of magic mapping
 S - 4 scrolls of silence
 Y - 6 scrolls of amnesia
Potions
 g - 3 potions of brilliance
 h - 2 potions of resistance
 m - 3 potions of curing
 o - 2 potions of mutation
 r - 5 potions of flight
 s - a potion of magic
 u - 2 potions of ambrosia
 w - 5 potions of attraction
 B - 5 potions of lignification
 G - 4 potions of cancellation
 J - 7 potions of might
 T - a potion of invisibility
Miscellaneous
 i - a phantom mirror
 n - a box of beasts
 M - a phial of floods
 R - a tin of tremorstones (2/2)
 W - a condenser vane (inert)


   Skills:
 - Level 16.9(20.2) Fighting
 - Level 16.9(20.2) Ranged Weapons
 + Level 3.8(6.9) Throwing
 - Level 10.8(16.2) Armour
 - Level 11.0 Dodging
 - Level 14.0 Stealth
 - Level 12.7(18.2) Shields
 * Level 14.4(17.8) Spellcasting
 - Level 8.6(11.0) Hexes
 - Level 20.0(27) Summonings
 * Level 10.4(17.6) Necromancy
 - Level 6.3(8.6) Translocations
 - Level 10.5(14.0) Transmutations
 * Level 5.1 Ice Magic
 - Level 7.6(10.0) Evocations


You had 7 spell levels left.
You knew the following spells:

 Your Spells              Type           Power      Damage    Failure   Level
a - Portal Projectile     Hex/Tloc       100%       N/A       1%          3
b - Wereblood             Tmut           67%        N/A       1%          2
c - Summon Mana Viper     Hex/Summ       78%        N/A       1%          5
d - Simulacrum            Ice/Necr       30%        N/A       9%          6
e - Monstrous Menagerie   Summ           46%        N/A       1%          7
g - Yara's Violent Unrav  Hex/Tmut       31%        3d13      1%          5
h - Dragon's Call         Summ           46%        N/A       10%         9
i - Sublimation of Blood  Necr           75%        N/A       0%          2
j - Haunt                 Necr/Summ      42%        N/A       1%          7
k - Death Channel         Necr           37%        N/A       1%          6

Your spell library contained the following spells:

 Spells                   Type           Power      Damage    Failure   Level
 Summon Small Mammal      Summ           100%       N/A       0%          1
 Call Canine Familiar     Summ           93%        N/A       0%          3
 Summon Guardian Golem    Hex/Summ       78%        N/A       0%          3
 Vampiric Draining        Necr           75%        2d11      0%          3
 Apportation              Tloc           100%       N/A       1%          1
 Freeze                   Ice            100%       1d11      1%          1
 Slow                     Hex            100%       N/A       1%          1
 Blink                    Tloc           100%       N/A       1%          2
 Ensorcelled Hibernation  Hex/Ice        100%       N/A       1%          2
 Passwall                 Tmut/Erth      40%        N/A       1%          2
 Confusing Touch          Hex            60%        N/A       1%          3
 Inner Flame              Hex/Fire       41%        N/A       1%          3
 Tukima's Dance           Hex            60%        N/A       1%          3
 Anguish                  Hex/Necr       34%        N/A       1%          4
 Animate Dead             Necr           75%        N/A       1%          4
 Cause Fear               Hex            30%        N/A       1%          4
 Ice Form                 Ice/Tmut       56%        N/A       1%          4
 Passage of Golubria      Tloc           53%        N/A       1%          4
 Summon Ice Beast         Ice/Summ       72%        N/A       1%          4
 Summon Lightning Spire   Summ/Air       66%        N/A       1%          4
 Agony                    Necr           75%        N/A       1%          5
 Blade Hands              Tmut           33%        N/A       1%          5
 Summon Forest            Summ/Tloc      38%        N/A       1%          5
 Summon Hydra             Summ           46%        N/A       1%          7
 Frozen Ramparts          Ice            80%        1d13      2%          3
 Ozocubu's Armour         Ice            40%        N/A       2%          3
 Petrify                  Tmut/Erth      48%        N/A       3%          4
 Borgnjor's Vile Clutch   Necr/Erth      27%        N/A       4%          5
 Manifold Assault         Tloc           53%        N/A       4%          5
 Magic Dart               Conj           76%        1d6       5%          1
 Corpse Rot               Necr/Pois/Air  44%        N/A       5%          4
 Foxfire                  Conj/Fire      76%        2x1d7     6%          1
 Sandblast                Erth           36%        2d10      6%          1
 Shock                    Conj/Air       76%        1d7       6%          1
 Fulminant Prism          Conj/Hex       21%        3d13      6%          4
 Leda's Liquefaction      Hex/Erth       20%        N/A       6%          4
 Metabolic Englaciation   Hex/Ice        25%        N/A       6%          5
 Poisonous Vapours        Pois/Air       38%        N/A       9%          2
 Searing Ray              Conj           38%        2d5       9%          2
 Alistair's Intoxication  Tmut/Pois      32%        N/A       9%          5
 Irradiate                Conj/Tmut      24%        3d19      9%          5
 Iskenderun's Mystic Bla  Conj/Tloc      37%        2d9       10%         4
 Conjure Flame            Conj/Fire      19%        6-21      17%         3
 Dragon Form              Tmut           33%        N/A       17%         7
 Swiftness                Air            18%        N/A       19%         3
 Silence                  Hex/Air        20%        N/A       19%         5
 Spellforged Servitor     Conj/Summ      33%        N/A       19%         7
 Hailstorm                Conj/Ice       30%        3d8       21%         4
 Eringya's Noxious Bog    Tmut/Pois      24%        N/A       43%         6
 Olgreb's Toxic Radiance  Pois           20%        N/A       45%         4
 Statue Form              Tmut/Erth      32%        N/A       47%         6
 Flame Wave               Conj/Fire      19%        2d7       50%         4
 Enfeeble                 Hex            30%        N/A       50%         7
 Airstrike                Air            9%         2d(2-18)  52%         4
 Iskenderun's Battlesphe  Conj           19%        2d7       83%         5
 Fireball                 Conj/Fire      9%         3d6       85%         5
 Lightning Bolt           Conj/Air       9%         1d22      85%         5
 Lee's Rapid Deconstruct  Erth           9%         3d8*      86%         5
 Storm Form               Tmut/Air       24%        N/A       96%         7
 Ozocubu's Refrigeration  Ice            20%        4d11      99%         7
 Iron Shot                Conj/Erth      9%         9d3       100%        6
 Starburst                Conj/Fire      9%         6d5       100%        6
 Orb of Destruction       Conj           9%         9d6       100%        7
 Infestation              Necr           37%        N/A       28%         8
 Discord                  Hex            30%        N/A       99%         8
 Ignition                 Fire           9%         3d5       100%        8
 Lehudib's Crystal Spear  Conj/Erth      9%         10d4      100%        8


Dungeon Overview and Level Annotations

Branches:
Dungeon (15/15)            Temple (1/1) D:4            Lair (5/5) D:10
  Swamp (4/4) Lair:2       Spider (4/4) Lair:2        Slime (5/5) Lair:4
    Orc (2/2) D:10            Elf (3/3) Orc:2        Vaults (4/5) D:14
  Crypt (3/3) Vaults:2       Tomb (0/3) Crypt:3      Depths (0/4) D:15
Ossuary (visited)

Altars:
Ashenzari
Dithmenos
Fedhas
Gozag
Hepliaklqana
Kikubaaqudgha
Makhleb
Nemelex Xobeh
Okawaru
Ru
Trog
Wu Jian
Xom
The Shining One
Jiyva
Lugonu

Shops:
D:4 (   D:5 =   D:9 :   Orc:1 ::   Orc:2 :[[:   Elf:2 *   Elf:3 =   Vaults:1 ?
Vaults:2 :

Portals:
Abyss: Lair:5
Trove: D:12 (give 11 potions of heal wounds)

Annotations:
D:14 stash @ Vault entrance


Innate Abilities, Weirdness & Mutations

Your serpentine skin is tough. (AC +8)
You have supernaturally acute eyesight. (SInv)
Armour fits poorly on your strangely shaped body.
Your system is resistant to poisons. (rPois)
You cover ground very slowly.
You can spit poison.
You can use your snake-like lower body to constrict enemies.
Your body sometimes deteriorates upon taking damage.
You are dopey. (Int -2)
You have hidden genetic potential.


Message History

Your freezing wraith hits the rockslime but does no damage. x2
The walls burn your freezing wraith!
Your freezing wraith hits the rockslime.
Your freezing wraith freezes the rockslime!!
The rockslime dies!
The acid blob hits your freezing wraith!!
Your freezing wraith is destroyed!
Your freezing wraith disappears in a puff of smoke!
The rockslime hits you but does no damage.
Your spectral slime creature closely misses the quicksilver ooze.
Your spectral acid blob hits the rockslime!
Aiming: Charm
Press: ? - help, Shift-Dir - straight line, f/p - rockslime
Aim: a rockslime (lightly wounded, ally target, chance to affect: 37%)
Okay, then.
Aiming: Charm
Press: ? - help, Shift-Dir - straight line, f/p - rockslime
Aim: a rockslime (lightly wounded, ally target, chance to affect: 37%)
The rockslime is charmed.
You are splashed with acid!
* * * LOW HITPOINT WARNING * * *
The rockslime hits your rockslime!
Your rockslime holds its ground!
The acid blob spits acid at you. The splash of acid hits your rockslime.
The acid corrodes your rockslime!
Your rockslime hits the acid blob!!!
The acid blob holds its ground!
Your rockslime seems to be corroded for longer.
Your rockslime is burned by acid!
The rockslime hits your golden dragon!!
Your golden dragon holds its ground!
Your shadow dragon bites the slime creature.
Your shadow dragon drains the slime creature.
Your shadow dragon claws the slime creature.
Your shadow dragon claws the slime creature!
The slime creature hits your spectral slime creature!
The walls burn your wraith!
Your wraith hits the rockslime but does no damage.
You block the rockslime's attack. The walls burn your freezing wraith!
Aiming: Charm
Press: ? - help, Shift-Dir - straight line, f - rockslime, p - rockslime
Aim: a rockslime (chance to affect: 37%)
The rockslime is charmed.
You are splashed with acid!
You die...

,,
,,,,....§........<...#
*** , , ,
........§§§§§§.### ,,
, ........§.§§§☼.## ,,
,, ......JJD§.§§§.##
,,,,
,,,......G.ZD.J§.## ,
, ,....§§ZJ.JZ§§## ,
......WJJJ..## ,,,,
..#.§.WJJ#J.## ** ,
,#.####@##### *
,*,****######## **
####### #######


You could see 2 acid blobs, a great orb of eyes, 4 slime creatures, 2
rockslimes, a quicksilver ooze (ally target), a friendly shadow dragon
(summoned), a friendly golden dragon (summoned), 2 friendly rockslimes, a
friendly freezing wraith (summoned), a friendly spectral acid blob, 2 friendly
spectral slime creatures and a friendly wraith (summoned).

Vanquished Creatures
  the Royal Jelly (Slime:5)
  2 dread liches
  2 ancient liches
  Josephina (Crypt:1)
  7 bone dragons
  Nikola (Swamp:2)
  Arachne (Spider:3)
  2 shard shrike zombies
  Rupert (D:13)
  A Hell Sentinel (Abyss:4)
  A tentacled monstrosity (Abyss:4)
  5 liches
  Mlioglotl (Spider:4)
  A deep elf blademaster (Elf:3)
  A deep elf master archer (Elf:3)
  2 acid blobs
  2 ancient champions
  11 tentacled starspawn
  2 sphinxes (Vaults:1)
  Agnes (D:15)
  A tengu reaver (Vaults:3)
  Roxanne (Swamp:2)
  5 revenants
  2 rockslimes
  An azure jelly (Lair:5)
  2 deep elf sorcerers (Elf:3)
  Aizul (Swamp:2)
  An orc warlord (Vaults:1)
  10 vault wardens
  A frost giant (Vaults:2)
  A balrug (Abyss:3)
  4 ghost moths
  7 emperor scorpions
  4 ghouls
  7 deep elf elementalists
  A juggernaut zombie (Crypt:1)
  A draconian stormcaller (Abyss:2)
  4 cacodemons
  2 broodmothers
  10 ironbound preservers
  2 caustic shrike skeletons (Abyss:3)
  3 war gargoyles
  3 stone giants
  7 ironbound thunderhulks
  4 vampire knights
  7 very ugly things
  3 deep elf demonologists (Elf:3)
  5 entropy weavers
  A lorocyproca (Abyss:3)
  Azrael (D:13)
  4 eleionomae
  4 dire elephants (Vaults:1)
  2 deep elf annihilators (Elf:3)
  5 bunyips
  2 spark wasps
  A green death (Abyss:2)
  A blizzard demon (Abyss:4)
  7 deep elf death magi
  5 yaktaur captains
  4 eidola
  2 shambling mangroves (Swamp:4)
  3 fire dragons (Swamp:4)
  12 great orbs of eyes
  An ettin (Vaults:2)
  A deep elf high priest (Elf:3)
  3 vault guards (Vaults:1)
  A fenstrider witch zombie (Crypt:1)
  8 jiangshi
  A rakshasa (D:15)
  18 hydras
  8 boulder beetles
  A peacekeeper (Vaults:4)
  17 centaur warriors
  4 ogre magi
  6 ironbound frosthearts
  A catoblepas (Lair:5)
  14 alligators
  2 ghost crabs (Swamp:4)
  21 dancing weapons
  2 death knights
  11 two-headed ogres
  A hell hog (Abyss:3)
  4 death yaks
  6 vampire magi
  4 orc high priests
  A tengu warrior (D:10)
  12 thrashing horrors
  4 soul eaters
  3 sun demons
  11 deep elf knights
  9 wretched stars
  2 fire crabs (Swamp:4)
  A shadow wraith (Crypt:2)
  Amaemon (D:10)
  35 skeletal warriors
  29 large abominations
  A spatial maelstrom (Abyss:3)
  34 deep trolls
  2 goliath frogs
  A bunyip zombie (Swamp:3)
  2 sixfirhies
  A death drake (Swamp:3)
  A sun moth (Spider:4)
  4 glowing orange brains
  4 pharaoh ants
  7 swamp dragons
  A tengu zombie (Vaults:4)
  A titan skeleton (Crypt:3)
  19 deep elf archers
  5 spriggan druids
  4 bunyip skeletons (Swamp:3)
  A flayed ghost (Abyss:1)
  6 steelbarb worms
  2 shadow dragon zombies
  6 wizards
  10 orb spiders
  6 bog bodies
  6 lindwurms
  8 orc knights
  Pikel (D:4)
  2 iron dragon zombies (Crypt:1)
  10 phantasmal warriors
  6 necromancers
  4 harpies (Vaults:2)
  27 deep elf pyromancers
  25 deep elf zephyrmancers
  An anaconda skeleton (Crypt:3)
  8 orc sorcerers
  A fire giant zombie (Vaults:2)
  22 wolf spiders
  15 ironbound convokers
  10 cyclopes
  34 ugly things
  5 worldbinders
  5 shining eyes
  A manticore (D:14)
  22 elephants
  4 will-o-the-wisps
  The ghost of sigtrap the Skirmisher, a novice KoHu of Hepliaklqana (D:5)
  7 fire giant skeletons (Crypt:3)
  A water nymph (Abyss:4)
  3 moths of wrath
  7 vault sentinels
  A naga mage (D:15)
  2 titan simulacra
  A stone giant skeleton (Vaults:2)
  3 black mambas (Lair:5)
  A molten gargoyle (Elf:2)
  Maurice (D:10)
  15 smoke demons
  3 torpor snails
  A yellow draconian zombie (Crypt:1)
  A dire elephant zombie (Crypt:1)
  3 apocalypse crabs
  A hellion (Abyss:3)
  4 gargoyles (Crypt:3)
  An orange demon (D:10)
  6 cane toads (Lair:5)
  7 demonic crawlers
  4 rime drakes (Lair:2)
  A dire elephant skeleton (Crypt:3)
  6 komodo dragons
  A komodo dragon (shapeshifter) (Abyss:2)
  A tormentor (Abyss:3)
  25 yaktaurs
  3 efreet
  10 kobold demonologists
  4 freezing wraiths
  An anaconda simulacrum (Crypt:1)
  A hellwing (Abyss:3)
  9 ancient zymes
  2 hydra zombies (Swamp:2)
  11 trolls
  A queen bee (Lair:2)
  A polar bear (Lair:5)
  A mana viper zombie (Crypt:1)
  9 meliai
  2 harpy zombies (Crypt:3)
  A wolf spider simulacrum (D:14)
  4 bloated husks
  11 tyrant leeches
  A polar bear (shapeshifter) (Lair:5)
  6 nameless horrors
  7 hornets
  A great orb of eyes zombie (Crypt:2)
  27 tarantellas
  19 raiju
  26 slime creatures
  A dream sheep (shapeshifter) (Elf:2)
  29 blink frogs
  6 dream sheep (Lair:5)
  A harpy skeleton (D:15)
  81 starcursed masses
  A flying skull (Abyss:2)
  33 jumping spiders
  Sigmund (D:5)
  9 vampires
  3 ynoxinuls
  3 air elementals
  3 centaur simulacra
  10 spriggans
  2 ettin skeletons
  22 culicivoras
  A naga simulacrum (Abyss:3)
  An elf skeleton (Vaults:4)
  13 wraiths
  2 water elementals (Elf:3)
  7 fire dragon skeletons (Crypt:3)
  5 shadows
  2 fire elementals (Elf:2)
  2 humans (D:11)
  27 yaks
  6 basilisks
  7 wyverns
  3 golden eyes
  A tyrant leech zombie (Crypt:1)
  11 chaos spawn
  2 elf simulacra
  45 redbacks
  8 neqoxecs
  8 steam dragons
  2 ogre zombies
  A spatial vortex (Abyss:3)
  13 wargs
  17 swamp worms
  A warg (shapeshifter) (Lair:5)
  7 vampire mosquitoes
  3 naga zombies
  5 hell hounds (D:13)
  17 water moccasins
  A demonspawn skeleton (Crypt:1)
  28 orc warriors
  28 small abominations
  2 ice beasts
  11 swamp drakes
  A sky beast (D:7)
  A black bear (Lair:3)
  An ettin simulacrum (Crypt:1)
  A fire dragon simulacrum (Crypt:1)
  6 ogres
  3 boggarts (D:15)
  15 centaurs
  2 human skeletons
  A snapping turtle skeleton (Crypt:2)
  3 swamp dragon skeletons
  3 lemures (D:3)
  A phantom (D:5)
  12 wolves
  A draconian zombie (Crypt:2)
  14 kobold brigands
  16 bullfrogs
  12 gnoll sergeants
  8 scorpions
  2 necrophages (D:5)
  6 earth elementals
  11 wights
  A yak zombie (Crypt:1)
  31 killer bees
  An electric eel (Lair:3)
  8 howler monkeys
  5 human zombies
  A lava snake (Swamp:4)
  A polar bear skeleton (Crypt:2)
  A wolf skeleton (Crypt:2)
  6 centaur zombies
  2 bullfrog zombies (D:5)
  3 hounds
  An iron imp (Abyss:3)
  4 gnoll boudas
  6 jellies
  16 orc priests
  25 orc wizards
  5 iguanas
  4 mummies
  25 gnolls
  7 adders
  2 white imps (Abyss:2)
  6 ufetubi
  An adder zombie (Crypt:2)
  A lava snake skeleton (Crypt:1)
  2 worms
  2 dart slugs (D:1)
  67 orcs
  3 ball pythons
  5 endoplasms
  2 giant cockroaches (D:2)
  2 gnoll zombies (Ossuary)
  7 hobgoblins
  5 jackals
  35 kobolds
  3 quokkas
  3 training dummies (D:4)
  A bat (D:2)
  2 frilled lizards
  A giant cockroach zombie (Crypt:1)
  7 goblins
  A hobgoblin zombie (Ossuary)
  A kobold zombie (Ossuary)
  An orc zombie (Ossuary)
  2 rats (D:2)
  A lurking horror (Abyss:4)
  2 starspawn tentacles
1974 creatures vanquished.

Vanquished Creatures (collateral kills)
  A dread lich (Abyss:4)
  Boris (Crypt:1)
  Vv (Crypt:3)
  Xtahua (Crypt:1)
  A bone dragon (Abyss:1)
  2 liches
  A deep elf master archer (Elf:3)
  8 acid blobs
  An Executioner (Abyss:3)
  A deep elf blademaster (Elf:3)
  9 tentacled starspawn
  A revenant (Crypt:1)
  7 azure jellies
  7 rockslimes
  A fenstrider witch (Swamp:3)
  A balrug (Abyss:3)
  A deep elf sorcerer (Abyss:3)
  A cacodemon (Abyss:4)
  A ghost moth (Spider:4)
  A deep elf elementalist (Abyss:3)
  A curse skull (Crypt:3)
  3 ironbound preservers
  A juggernaut zombie (Crypt:1)
  4 very ugly things
  A broodmother (Spider:3)
  3 quicksilver oozes
  A war gargoyle (Crypt:3)
  3 vampire knights
  2 deep elf demonologists
  4 dire elephants (Vaults:1)
  A yellow draconian (Abyss:2)
  An eidolon (Crypt:1)
  2 deep elf death magi (Elf:3)
  A jiangshi (Crypt:2)
  A yaktaur captain (Vaults:1)
  2 great orbs of eyes (Slime:5)
  A deep elf high priest (Elf:3)
  A rakshasa (Abyss:4)
  A vault guard (Vaults:1)
  2 jorogumos (Spider:3)
  3 ironbound frosthearts
  7 dancing weapons
  3 deep elf knights (Elf:2)
  4 thrashing horrors
  A vampire mage (Crypt:2)
  12 deep trolls
  11 skeletal warriors
  An anaconda skeleton (Abyss:2)
  3 deep elf archers
  2 spatial maelstroms (Abyss:4)
  A glowing orange brain (Abyss:4)
  A wizard (Vaults:1)
  2 orb spiders
  2 phantasmal warriors (Crypt:2)
  10 deep elf zephyrmancers
  3 necromancers
  A tengu skeleton (Crypt:1)
  A worldbinder (Abyss:3)
  2 shining eyes
  A wolf spider (Spider:4)
  6 ugly things
  10 deep elf pyromancers
  4 vault sentinels
  3 fire giant skeletons (Crypt:3)
  3 orange demons
  3 smoke demons
  A hellion (Abyss:2)
  2 efreet (Abyss:4)
  A bunyip simulacrum (Crypt:1)
  2 ancient zymes
  2 hellwings
  6 yaktaurs
  2 harpy zombies
  10 large abominations
  A hornet (Swamp:4)
  2 nameless horrors
  41 slime creatures
  12 raiju
  3 flying skulls (Crypt:2)
  A shadow (Crypt:3)
  2 vampires (Crypt:3)
  2 water elementals
  A ynoxinul (Abyss:3)
  4 jumping spiders
  A centaur simulacrum (Crypt:1)
  An air elemental (Elf:1)
  8 small abominations
  2 neqoxecs
  A spriggan simulacrum (Swamp:3)
  5 golden eyes
  A redback (Spider:3)
  A spatial vortex (Abyss:4)
  A naga zombie (Crypt:1)
  A swamp worm (Swamp:4)
  An orc warrior (Orc:2)
  A swamp drake (Swamp:4)
  An ettin simulacrum (Abyss:4)
  A kobold brigand (Abyss:4)
  2 earth elementals
  2 necrophages (Crypt:2)
  16 starcursed masses
  2 orc priests (Orc:2)
  An iron imp (Abyss:1)
  An orc wizard (Orc:2)
  A white imp (Abyss:3)
  4 orcs (Elf:2)
  A lurking horror (Abyss:4)
  5 starspawn tentacles
340 creatures vanquished.

Vanquished Creatures (others)
  2 thrashing horrors (Abyss:4)
  A deep elf archer (Elf:2)
  An orc knight (Orc:2)
  A deep elf pyromancer (Elf:2)
  A large abomination (Abyss:4)
  A hornet (Swamp:4)
  A raiju (Abyss:3)
  6 small abominations
  A harpy simulacrum (Abyss:3)
  A swamp drake (Swamp:4)
  An orc warrior (D:10)
  A jelly (Abyss:2)
  7 demonic plants
  4 foxfires (Swamp:3)
  28 fungi
  7 lurking horrors
  49 plants
  15 snaplasher vines
  28 starspawn tentacles
  30 withered plants (Crypt:3)
186 creatures vanquished.

Grand Total: 2500 creatures vanquished

Notes
Turn   | Place    | Note
-------+----------+-------------------------------------------
     0 | D:1      | wingedge the Naga Hunter began the quest for the Orb.
     0 | D:1      | Reached XP level 1. HP: 19/19 MP: 1/1
   112 | D:1      | Reached XP level 2. HP: 22/26 MP: 2/2
   727 | D:2      | Reached XP level 3. HP: 32/32 MP: 3/3
   785 | D:2      | Found a faded altar of an unknown god.
  1746 | D:3      | Reached XP level 4. HP: 39/39 MP: 4/4
  2249 | D:4      | Noticed a scorpion
  2257 | D:4      | Killed a scorpion
  2258 | D:4      | Reached skill level 5 in Ranged Weapons
  2258 | D:4      | Reached skill level 5 in Stealth
  2258 | D:4      | Reached XP level 5. HP: 39/45 MP: 5/5
  2357 | D:4      | Found a sand-covered staircase.
  2465 | Ossuary  | Entered an ossuary
  2493 | Ossuary  | Reached XP level 6. HP: 42/52 MP: 6/6
  3025 | D:4      | Found Goes's Firing Range.
  3039 | D:4      | Noticed Pikel
  3753 | D:4      | Killed Pikel
  3754 | D:4      | Reached XP level 7. HP: 33/62 MP: 7/7
  3754 | D:4      | Reached XP level 8. HP: 36/69 MP: 8/8
  3962 | D:4      | Bought a +0 hand crossbow for 38 gold pieces
  4083 | D:4      | Found a staircase to the Ecumenical Temple.
  4094 | Temple   | Entered the Ecumenical Temple
  4125 | Temple   | Became a worshipper of Ashenzari the Shackled
  4175 | D:5      | Entered Level 5 of the Dungeon
  4196 | D:5      | Found a transporter.
  4198 | D:5      | Noticed sigtrap's ghost (novice KoHu)
  4274 | D:5      | Noticed Sigmund
  4277 | D:5      | Killed Sigmund
  4299 | D:5      | Found a transporter.
  4386 | D:5      | Found Zadian's Jewellery Emporium.
  5164 | D:6      | Reached XP level 9. HP: 78/78 MP: 9/9
  5200 | D:6      | Reached skill level 10 in Ranged Weapons
  5478 | D:6      | Identified the +5 rapier of Awkwardness {elec, Drain rC+
                  | Will++}
  5722 | D:6      | Found an opulent altar of Gozag.
  5722 | D:6      | Found a bloodstained altar of Trog.
  5915 | D:7      | Reached skill level 1 in Shields
  6189 | D:7      | Reached skill level 1 in Armour
  6189 | D:7      | Reached * piety under Ashenzari
  6189 | D:7      | Identified a scroll of acquirement
  6190 | D:7      | Acquired the quicksilver dragon scales of Optimism {-Tele
                  | rElec rF+ Will+}
  6657 | D:8      | Noticed a two-headed ogre
  6659 | D:8      | Killed a two-headed ogre
  6660 | D:8      | Reached XP level 10. HP: 80/85 MP: 10/10
  6745 | D:8      | Noticed a two-headed ogre
  6748 | D:8      | Killed a two-headed ogre
  6749 | D:8      | Reached skill level 5 in Fighting
  6820 | D:8      | Found an ornate altar of the Wu Jian Council.
  6864 | D:8      | Found an iron altar of Okawaru.
  7345 | D:5      | Bought an amulet of reflection for 330 gold pieces
  7452 | D:5      | Killed sigtrap's ghost
  7762 | D:9      | Found Axumush's Book Shop.
  7783 | D:9      | Reached ** piety under Ashenzari
  7992 | D:9      | Reached XP level 11. HP: 85/99 MP: 11/11
  8307 | D:9      | Noticed a two-headed ogre
  8309 | D:9      | Noticed a cyclops
  8314 | D:9      | Killed a two-headed ogre
  8315 | D:9      | Reached skill level 5 in Shields
  8316 | D:9      | Killed a cyclops
  8700 | D:9      | Noticed a two-headed ogre
  8704 | D:9      | Killed a two-headed ogre
  9040 | D:9      | Noticed an orc sorcerer
  9042 | D:9      | Killed an orc sorcerer
  9389 | D:10     | Entered Level 10 of the Dungeon
  9476 | D:10     | Noticed Amaemon
  9484 | D:10     | Killed Amaemon
  9485 | D:10     | Reached XP level 12. HP: 110/110 MP: 12/12
  9550 | D:10     | Found a staircase to the Lair.
  9594 | D:10     | Reached *** piety under Ashenzari
  9646 | D:10     | Noticed Maurice
  9652 | D:10     | Killed Maurice
  9847 | D:10     | Identified the ring of Roorhaol {rPois rCorr}
  9847 | D:10     | Noticed an ogre mage
  9852 | D:10     | Noticed a tengu warrior
  9858 | D:10     | Noticed an ogre mage
  9861 | D:10     | Killed an ogre mage
  9876 | D:10     | Killed an ogre mage
  9886 | D:10     | Killed a tengu warrior
 10235 | D:10     | Noticed an ogre mage
 10242 | D:10     | Noticed a soul eater
 10249 | D:10     | Killed an ogre mage
 10367 | D:10     | Found a staircase to the Orcish Mines.
 10415 | D:10     | Noticed a two-headed ogre
 10424 | D:10     | Killed a two-headed ogre
 10425 | D:10     | Reached skill level 10 in Shields
 10884 | Lair:1   | Entered Level 1 of the Lair of Beasts
 11264 | Lair:1   | Reached **** piety under Ashenzari
 11752 | Lair:2   | Noticed a five-headed hydra
 11781 | Lair:2   | Killed a five-headed hydra
 11908 | Lair:2   | Gained mutation: You can use your snake-like lower body to
                  | constrict enemies. [Naga growth]
 11908 | Lair:2   | Reached XP level 13. HP: 124/124 MP: 13/13
 11977 | Lair:2   | Found a hole to the Spider Nest.
 12485 | Lair:2   | Reached skill level 5 in Dodging
 13109 | Lair:2   | Found a staircase to the Swamp.
 13282 | Lair:3   | Reached skill level 5 in Armour
 13500 | Lair:3   | Reached skill level 10 in Fighting
 13685 | Lair:3   | Identified the +1 plate armour of the Desolation of Salt
                  | {rCorr Int+2}
 13741 | Lair:3   | Reached XP level 14. HP: 136/139 MP: 14/14
 14176 | Lair:4   | Reached ***** piety under Ashenzari
 14230 | Lair:4   | Found a viscous altar of Jiyva.
 14232 | Lair:4   | Found a staircase to the Slime Pits.
 14405 | Lair:4   | Reached XP level 15. HP: 147/147 MP: 15/20
 14410 | Lair:4   | Learned a level 3 spell: Portal Projectile
 14904 | Lair:5   | Entered Level 5 of the Lair of Beasts
 15041 | Lair:5   | Noticed an azure jelly
 15046 | Lair:5   | Killed an azure jelly
 16099 | Lair:5   | Found a one-way gate to the infinite horrors of the Abyss.
 16159 | Lair:5   | Reached skill level 15 in Ranged Weapons
 16213 | Lair:5   | Found a corrupted altar of Lugonu.
 16462 | Orc:1    | Entered Level 1 of the Orcish Mines
 16473 | Orc:1    | Found Taihuh's Vocational Training.
 16478 | Orc:1    | Found Leloesa's Book Emporium.
 16785 | Orc:2    | Entered Level 2 of the Orcish Mines
 16785 | Orc:2    | Found a staircase to the Elven Halls.
 17280 | Orc:2    | Reached skill level 1 in Transmutations
 17285 | Orc:2    | Reached XP level 16. HP: 163/163 MP: 19/26
 17295 | Orc:2    | Found Esigumpouh's Book Emporium.
 17301 | Orc:2    | Found Werpho's Antique Armour Boutique.
 17714 | Orc:1    | Bought a book of Blood for 392 gold pieces
 17717 | Orc:1    | Learned a level 2 spell: Wereblood
 17786 | Orc:2    | Found Woredo's Armour Boutique.
 17792 | Orc:2    | Found Babb's Book Emporium.
 17969 | D:11     | Found an iron altar of Okawaru.
 18113 | D:11     | Found Voraijud's Assorted Antiques.
 18544 | D:12     | Acquired the +1 pair of gloves of the Mantidfly {Dex+4}
 18672 | D:12     | Found a portal to a secret trove of treasure.
 19312 | D:13     | Reached skill level 5 in Translocations
 19563 | D:13     | Reached skill level 5 in Hexes
 19612 | D:13     | Noticed Rupert
 19618 | D:13     | Killed Rupert
 19629 | D:13     | Found a transporter.
 19630 | D:13     | Found a transporter.
 19631 | D:13     | Identified the +0 helmet of the Aged Loafs {rF++}
 19708 | D:13     | Reached skill level 10 in Stealth
 19813 | D:13     | Reached skill level 5 in Spellcasting
 19887 | D:13     | Noticed Azrael
 19901 | D:13     | Killed Azrael
 20224 | D:14     | Reached skill level 1 in Summonings
 20421 | D:14     | Found a gate to the Vaults.
 20456 | D:14     | Reached skill level 2 in Summonings
 20509 | D:14     | Reached skill level 3 in Summonings
 20663 | D:14     | Reached skill level 4 in Summonings
 20957 | D:14     | Found a blossoming altar of Fedhas.
 21229 | D:15     | Entered Level 15 of the Dungeon
 21413 | D:15     | Noticed Agnes
 21422 | D:15     | Killed Agnes
 21423 | D:15     | Reached XP level 17. HP: 120/166 MP: 22/27
 21619 | D:15     | Identified the +5 ring mail of the Devil's Advocate {Dex+3}
 21633 | D:15     | Reached skill level 5 in Summonings
 22072 | D:15     | Found a staircase to the Depths.
 22279 | D:15     | Reached skill level 1 in Evocations
 22653 | D:13     | Reached skill level 6 in Summonings
 22962 | D:13     | Learned a level 5 spell: Summon Mana Viper
 23073 | Orc:1    | Bought a Fen Folio for 588 gold pieces
 23079 | Orc:1    | Learned a level 5 spell: Summon Forest
 23285 | Swamp:1  | Entered Level 1 of the Swamp
 23330 | Swamp:1  | Identified the +0 buckler of the Will of the Gods {Int+4}
 23816 | Swamp:1  | Found a broken altar of Ashenzari.
 24231 | Swamp:2  | Noticed Nikola
 24237 | Swamp:2  | Killed Nikola
 24292 | Swamp:2  | Identified Roxanne's Directory of Evolution
 24292 | Swamp:2  | Noticed Roxanne
 24309 | Swamp:2  | Killed Roxanne
 24350 | Swamp:2  | Noticed Aizul
 24387 | Swamp:2  | Killed Aizul
 24534 | Swamp:2  | Identified the ring of Doubts {rF+ rN+ Dex+4}
 24692 | Swamp:2  | Reached skill level 7 in Summonings
 24759 | Swamp:2  | Identified the Vellum of Reanimation Made Easy
 24762 | Swamp:2  | Identified the +1 cloak of Purpose {rC+ Str+4}
 25170 | Swamp:3  | Found an ancient bone altar of Kikubaaqudgha.
 25491 | Swamp:3  | Identified Kikubaaqudgha's Disquisition on Dark Magic
 25494 | Swamp:3  | Reached XP level 18. HP: 158/181 MP: 21/31
 26130 | Swamp:4  | Entered Level 4 of the Swamp
 26419 | Swamp:4  | Reached skill level 8 in Summonings
 26438 | Swamp:4  | Paralysed by a hornet for 2 turns
 26912 | Swamp:4  | Learned a level 7 spell: Monstrous Menagerie
 26920 | Swamp:4  | Learned a level 7 spell: Summon Hydra
 27182 | Swamp:4  | Got a decaying rune of Zot
 27351 | Spider:1 | Entered Level 1 of the Spider Nest
 27399 | Spider:1 | Learned a level 5 spell: Yara's Violent Unravelling
 27582 | Spider:1 | Reached skill level 5 in Transmutations
 27856 | Spider:1 | Reached skill level 9 in Summonings
 28327 | Spider:2 | Identified the +1 scale mail of Jyuvubb {Harm rN+ Will+
                  | Int-3}
 29051 | Spider:2 | Reached XP level 19. HP: 167/193 MP: 1/34
 29395 | Spider:3 | Noticed Arachne
 29412 | Spider:3 | Killed Arachne
 30094 | Spider:4 | Entered Level 4 of the Spider Nest
 31506 | Spider:4 | Reached skill level 10 in Summonings
 31739 | Spider:4 | Identified the +2 hat "Cekiymp" {Dex+6}
 31775 | Spider:4 | Got a gossamer rune of Zot
 32182 | Spider:4 | Noticed Mlioglotl
 32189 | Spider:4 | Killed Mlioglotl
 32473 | Vaults:1 | Entered Level 1 of the Vaults
 32941 | Vaults:1 | Reached XP level 20. HP: 203/208 MP: 9/37
 33532 | Vaults:1 | Reached skill level 11 in Summonings
 34496 | Vaults:1 | Reached skill level 12 in Summonings
 34915 | Vaults:1 | Found Zeaseosmium's Magic Scroll Emporium.
 35014 | Vaults:2 | Found Upat's Book Emporium.
 35093 | Vaults:2 | Bought a book of the Dragon for 598 gold pieces
 35106 | Vaults:2 | Learned a level 4 spell: Cause Fear
 35498 | Vaults:2 | Found a staircase to the Crypt.
 36458 | Vaults:3 | Reached skill level 13 in Summonings
 36596 | Vaults:3 | Reached skill level 10 in Dodging
 37141 | Vaults:3 | Reached skill level 10 in Spellcasting
 37380 | Vaults:3 | Reached XP level 21. HP: 216/216 MP: 6/39
 37806 | Vaults:3 | Learned a level 2 spell: Sublimation of Blood
 37965 | Vaults:3 | Reached skill level 1 in Necromancy
 39725 | Vaults:4 | Reached skill level 14 in Summonings
 40394 | Elf:1    | Entered Level 1 of the Elven Halls
 40396 | Elf:1    | Paralysed by an air elemental for 1 turns
 40398 | Elf:1    | Paralysed by an air elemental for 1 turns
 41700 | Elf:1    | Reached skill level 10 in Transmutations
 42112 | Elf:2    | Reached XP level 22. HP: 225/225 MP: 27/41
 42319 | Elf:2    | Found Kichicab's Elven Fire.
 42828 | Elf:2    | Found a huge runed translucent gate.
 42828 | Elf:2    | Found a huge runed translucent gate.
 42828 | Elf:2    | Found a huge runed translucent gate.
 42831 | Elf:2    | Found a huge runed translucent gate.
 42831 | Elf:2    | Found a huge runed translucent gate.
 43373 | Elf:2    | Reached skill level 15 in Fighting
 43529 | Elf:2    | Reached skill level 5 in Necromancy
 43906 | Elf:3    | Entered Level 3 of the Elven Halls
 44044 | Elf:3    | Found Jehyvohy's Jewellery Boutique.
 44292 | Elf:3    | Learned a level 7 spell: Haunt
 44667 | Elf:3    | Identified the +2 morningstar of Embarrassment {vorpal, rC+
                  | Str+5 Int-5 Dex+9}
 44964 | Elf:3    | Identified the +2 ring mail of Valour {Int+6 Dex-2 SInv}
 44965 | Elf:3    | Identified the +1 chain mail of Daisies {Harm Rampage}
 44968 | Elf:3    | Identified the Grimoire of Twisted Glamour
 45111 | Elf:3    | Identified the +7 rapier of Floods {venom, rElec rN+ Str+4}
 45112 | Elf:3    | Identified the Treatise on the Geologist
 45112 | Elf:3    | Identified the +4 sling of a bazaar {venom, SInv}
 45744 | Lair:5   | Voluntarily entered the Abyss.
 45745 | Abyss:1  | Found a corrupted altar of Lugonu.
 45764 | Lair:5   | Escaped the Abyss
 45766 | Lair:5   | Voluntarily entered the Abyss.
 45806 | Abyss:1  | Gained mutation: You are partially covered in iridescent
                  | scales. (AC +2) [a neqoxec]
 45813 | Abyss:1  | Reached skill level 15 in Summonings
 46254 | Abyss:2  | Reached skill level 5 in Evocations
 46618 | Abyss:2  | Paralysed by accursed screaming for 1 turns
 46620 | Abyss:2  | Paralysed by accursed screaming for 1 turns
 46830 | Abyss:2  | Reached XP level 23. HP: 224/232 MP: 20/43
 47235 | Abyss:3  | Gained mutation: Your body sometimes deteriorates upon
                  | taking damage. [a neqoxec]
 47495 | Lair:5   | Escaped the Abyss
 47864 | Lair:5   | Voluntarily entered the Abyss.
 47869 | Abyss:3  | Identified the +7 dagger of Intimidation {drain, rF+ Will++
                  | Str+4}
 47876 | Abyss:3  | Identified the +7 sling "Lecre" {flame, rElec}
 47878 | Abyss:3  | Noticed an ancient lich
 47900 | Abyss:3  | Killed an ancient lich
 47910 | Abyss:3  | Identified the +5 robe "Bytal" {rElec Will- Int+4 Stlth+}
 48169 | Abyss:3  | Reached skill level 16 in Summonings
 48441 | Abyss:4  | Learned a level 6 spell: Death Channel
 48547 | Abyss:4  | Paralysed by accursed screaming for 1 turns
 48559 | Lair:5   | Escaped the Abyss
 48720 | Lair:5   | Voluntarily entered the Abyss.
 49024 | Abyss:4  | HP: 10/237 [starcursed mass/accursed screaming (8)]
 49033 | Abyss:4  | HP: 7/237 [starcursed mass/accursed screaming (12)]
 49039 | Abyss:4  | HP: 10/237 [lurking horror (6)]
 49054 | Abyss:4  | HP: 7/237 [starcursed mass/accursed screaming (10)]
 49072 | Lair:5   | Escaped the Abyss
 49515 | Lair:5   | Voluntarily entered the Abyss.
 49582 | Abyss:4  | Reached XP level 24. HP: 228/247 MP: 21/44
 49986 | Abyss:4  | Noticed a dread lich
 49996 | Abyss:4  | Killed a dread lich
 49997 | Abyss:4  | Reached skill level 17 in Summonings
 49999 | Lair:5   | Escaped the Abyss
 50240 | Lair:5   | Voluntarily entered the Abyss.
 50263 | Abyss:4  | Noticed a dread lich
 50268 | Abyss:4  | Noticed an ancient lich
 50279 | Abyss:4  | Killed a dread lich
 50283 | Abyss:4  | Killed an ancient lich
 50315 | Lair:5   | Escaped the Abyss
 50436 | Lair:5   | Voluntarily entered the Abyss.
 50441 | Abyss:4  | Found a corrupted altar of Lugonu.
 50442 | Abyss:4  | Found a candlelit altar of Ignis.
 50517 | Abyss:4  | Reached skill level 10 in Armour
 50547 | Abyss:4  | Paralysed by accursed screaming for 1 turns
 50556 | Abyss:4  | Paralysed by accursed screaming for 1 turns
 50579 | Lair:5   | Escaped the Abyss
 50907 | Lair:5   | Voluntarily entered the Abyss.
 50907 | Abyss:4  | Found a corrupted altar of Lugonu.
 50981 | Abyss:4  | Gained mutation: Your muscles are strong. (Str +4, Int/Dex
                  | -1) [a cacodemon]
 50983 | Abyss:4  | Gained mutation: You are dopey. (Int -2) [a cacodemon]
 50993 | Abyss:4  | Lost mutation: You are dopey. (Int -2) [a cacodemon]
 51006 | Abyss:4  | Paralysed by you for 4 turns
 51015 | Lair:5   | Escaped the Abyss
 51692 | D:14     | Learned a level 9 spell: Dragon's Call
 51816 | Crypt:1  | Entered Level 1 of the Crypt
 51997 | Crypt:1  | Identified the ring of the Breathing King {Ice rCorr MP+9
                  | Str+5 Int-5}
 51997 | Crypt:1  | Noticed Josephina
 52013 | Crypt:1  | Killed Josephina
 52258 | Crypt:1  | Reached skill level 18 in Summonings
 52306 | Crypt:1  | Found an ancient bone altar of Kikubaaqudgha.
 52592 | Crypt:1  | Noticed Xtahua
 52610 | Crypt:1  | Killed Xtahua
 53210 | Crypt:1  | Noticed Boris
 53219 | Crypt:1  | Killed Boris
 53634 | Crypt:2  | Reached skill level 19 in Summonings
 53841 | Crypt:2  | Reached XP level 25. HP: 255/256 MP: 45/45
 54342 | Crypt:2  | Reached skill level 20 in Summonings
 54488 | Crypt:2  | Reached ****** piety under Ashenzari
 54785 | Crypt:3  | Entered Level 3 of the Crypt
 54990 | Crypt:3  | Identified the +2 short sword of Prudence {flame, SInv}
 54990 | Crypt:3  | Identified the +4 falchion of a bazaar {drain, *Rage Will+
                  | Dex+9}
 55169 | Crypt:3  | Reached skill level 1 in Ice Magic
 55225 | Crypt:3  | Noticed Vv
 55237 | Crypt:3  | Killed Vv
 55509 | Crypt:3  | Found a staircase to the Tomb.
 55886 | Crypt:3  | Noticed a dread lich
 55896 | Crypt:3  | Identified the ring "Qinoneh" {rN+ Str+5}
 55896 | Crypt:3  | Identified the ring "Duus" {rC+ rN+ Str-3 Int+8}
 55896 | Crypt:3  | Identified the ring "Joelant" {rN+ Dex+2}
 55906 | Crypt:3  | Found an ancient bone altar of Kikubaaqudgha.
 55938 | Crypt:3  | Killed a dread lich
 56211 | Crypt:3  | Found the +4 dagger "Morg" {pain, Will+ Int+5}
 56732 | D:14     | Learned a level 6 spell: Simulacrum
 56952 | Slime:1  | Entered Level 1 of the Pits of Slime
 56988 | Slime:2  | Reached skill level 1 in Throwing
 57349 | Slime:5  | Entered Level 5 of the Pits of Slime
 57358 | Slime:5  | Noticed the Royal Jelly
 57364 | Slime:5  | Killed the Royal Jelly
 57365 | Slime:5  | Reached skill level 10 in Necromancy
 57366 | Slime:5  | Gained mutation: You occasionally lose the ability to read
                  | scrolls when taking damage. [a shining eye]
 57905 | Slime:1  | Gained mutation: You are dopey. (Int -2) [a shining eye]
 58565 | Slime:1  | Gained mutation: You sometimes lose your temper in combat.
                  | [a shining eye]
 58568 | Slime:1  | Gained mutation: You have an uncontrollable temper. [a
                  | shining eye]
 58577 | Slime:1  | Lost mutation: You occasionally lose the ability to read
                  | scrolls when taking damage. [potion of mutation]
 58577 | Slime:1  | Lost mutation: Your body sometimes deteriorates upon taking
                  | damage. [potion of mutation]
 58577 | Slime:1  | Lost mutation: Your muscles are strong. (Str +4, Int/Dex
                  | -1) [potion of mutation]
 58577 | Slime:1  | Gained mutation: You have hidden genetic potential. [potion
                  | of mutation]
 58577 | Slime:1  | Gained mutation: Your muscles are strong. (Str +4, Int/Dex
                  | -1) [potion of mutation]
 58578 | Slime:1  | Lost mutation: You have an uncontrollable temper. [potion
                  | of mutation]
 58578 | Slime:1  | Lost mutation: You are partially covered in iridescent
                  | scales. (AC +2) [potion of mutation]
 58578 | Slime:1  | Gained mutation: You are frail. (-10% HP) [potion of
                  | mutation]
 58578 | Slime:1  | Lost mutation: You sometimes lose your temper in combat.
                  | [potion of mutation]
 58578 | Slime:1  | Lost mutation: Your muscles are strong. (Str +4, Int/Dex
                  | -1) [potion of mutation]
 58579 | Slime:1  | Lost mutation: You are frail. (-10% HP) [potion of
                  | mutation]
 58579 | Slime:1  | Lost mutation: You have hidden genetic potential. [potion
                  | of mutation]
 58579 | Slime:1  | Gained mutation: You have hidden genetic potential. [potion
                  | of mutation]
 58579 | Slime:1  | Gained mutation: Your body sometimes deteriorates upon
                  | taking damage. [potion of mutation]
 58869 | Slime:5  | Reached skill level 5 in Ice Magic
 58882 | Slime:5  | HP: 9/253 [acid (9)]
 58883 | Slime:5  | Splashed with acid

Illustrated notes

Levels and vault maps discovered:
D:1:      lemuel_arrival_room, layout_loops_cross
D:2:      layout_basic, serial_glass, glass_columns_b, glass_columns_b,
          shapermc_ecumenical_altar_venn, kennysheep_path_1,
          grunt_decor_mini_mirrors
D:3:      layout_loops_ring, minmay_ruptured
D:4:      layout_rooms, minmay_temple_entry_trees, gup_ossuary_entry_pyramid,
          nicolae_shop_firing_range, uniq_pikel
D:5:      layout_basic, serial_shops, nicolae_inconvenience_store,
          gammafunk_ghost_mausoleum, uniq_sigmund
D:6:      layout_basic, gammafunk_temple_overflow_pools
D:7:      layout_cave_pools, minmay_crystal_room
D:8:      layout_cave_pools, mainiacjoe_overflow_alcove_4, lemuel_crystal_altar
D:9:      lemuel_castle_with_subvaults [lemuel_castle_interior_carwin_2],
          layout_irregular_city, minmay_shop_grid_forest, grunt_ministairs_5
D:10:     minmay_the_grid_triangle_9x9_rhombus_thin_mashed
          [minmay_the_grid_triangle_9x9_stretched_checkered,
          minmay_the_grid_triangle_9x9_prize_schism,
          minmay_the_grid_triangle_9x9_pentomino_pain,
          minmay_the_grid_triangle_9x9_zippers_vertical], layout_basic,
          hiddenorc1_lemuel, dreamdust_wishing_well, minmay_statues_item,
          uniq_amaemon, uniq_maurice
D:11:     layout_loops_cross, serial_shops, shop, okawaru_humans
D:12:     layout_stronghold, serial_glass, glass_columns_a, glass_columns_b,
          glass_columns_a, glass_columns_a, glass_columns_a,
          nicolae_trove_entry_isolated, fungi_pond_lemuel
D:13:     gammafunk_beogh_shrine, layout_loops_ring, uniq_azrael, uniq_rupert
D:14:     layout_loops_ring, skrybe_vaults_entry_preservation, fedhas_altar_1
D:15:     grunt_enter_depths_magical_seal, layout_irregular_city,
          grunt_decor_cap, uniq_agnes
Temple:   regret_index_temple_mists
Lair:1:   layout_cave_pods, serial_bayou_shore_b
Lair:2:   regret_index_wax_grids, layout_regular_city, palyth_hydra_swamp_entry,
          spider_nest_entry_webs, serial_bayou_pond_d, serial_bayou_shore_a
Lair:3:   layout_long_grid, serial_bayou_pond_c, minmay_hedge_maze,
          lemuel_fruit_tree, infiniplex_staircase_pool
Lair:4:   layout_layer_cave, slime_entry_1
Lair:5:   hellmonk_lair_end_abyssal_woods, layout_regular_city,
          nicolae_lair_time_for_slime
Swamp:1:  layout_falls_marsh, nicolae_swamp_godswood, swamp_pool1,
          nicolae_swamp_round_clearing, nicolae_swamp_triple_paths
Swamp:2:  layout_basic_swamp, nicolae_swamp_very_dense_foliage, swamp_pool5,
          nicolae_swamp_necromancy_gone_wrong, uniq_aizul, uniq_nikola,
          uniq_roxanne
Swamp:3:  layout_falls_marsh, evilmike_swamp_ruin_house_6, beargit_kiku_chapel
Swamp:4:  swamp_fiery, layout_basic_swamp, swamp_pool4
Spider:1: layout_spider_delve, hangedman_spider_tarantella_strand
Spider:2: layout_chambers
Spider:3: layout_spider_delve, uniq_arachne
Spider:4: grunt_spider_rune_circles, uniq_mlioglotl
Slime:1:  cheibrodos_slime_lost_civilization_3, layout_caves
Slime:2:  layout_caves, nicolae_slime_phagocytosis
Slime:3:  layout_caves
Slime:4:  layout_caves, nicolae_slime_welcoming_committee
Slime:5
Orc:1:    layout_diamond_mine, serial_shops, shop, nicolae_shop_vocational
Orc:2:    st_orc_elflike, layout_diamond_mine, basic_altar
Elf:1:    layout_geoelf_diagonals, evilmike_minifort
Elf:2:    elven_hall_of_blades_hangedman_alternative
          [mumra_blade_entry_bloodbath], layout_gridlike, guppyfry_elf_lava,
          grunt_megastairs_3
Elf:3:    elf_hall_gauntlet_wide, layout_geoelf_octagon, serial_shops, shop
Vaults:1: nicolae_vaults_ninety_degrees, grunt_vaults_hallway_short,
          vaults_mumra_minichess_inversion, ontoclasm_vaults_gateway, v_rooms_5,
          grunt_vaults_focal, nicolae_vaults_puzzle_piece,
          hangedman_vaults_restitches, nicolae_vaults_what_the_h,
          layout_vaults_omnibox, serial_shops, nicolae_shop_stone
Vaults:2: vaults_room_hallway, minmay_crypt_entry_nasty_monster, v_misc_12,
          nicolae_vaults_little_ls, vaults_room_stairs_pillars,
          layout_vaults_omnigrid, serial_shops, shop
Vaults:3: hangedman_vaults_capsules, vaults_mumra_lcd,
          ontoclasm_vaults_shuriken, hangedman_vaults_stitches,
          nicolae_vaults_little_squares_3, hangedman_vaults_unwind,
          vaults_room_fours, nicolae_vaults_border_crossing, vaults_dpeg_doors,
          vaults_dpeg_emergency_exit, dpeg_vaults_monster_box,
          layout_vaults_omnicross
Vaults:4: grunt_vaults_twisty, hangedman_vaults_variations,
          ontoclasm_vaults_hangar, v_rooms_3, hangedman_vaults_nails,
          v_alt_pattern_1, hangedman_vaults_locks,
          nicolae_vaults_little_squares_4, v_pattern_1,
          grunt_vaults_hallway_short, v_misc_16, hangedman_vaults_corner_blocks,
          layout_vaults_maze_bifur
Crypt:1:  layout_catacombs, st_stairs_1, serial_sigils_hangedman_etch,
          lemuel_mausoleum_altar_kikubaaqudgha, uniq_josephina, uniq_xtahua,
          uniq_boris
Crypt:2:  layout_basic, grunt_megastairs_2
Crypt:3:  quadcrypt_mu, uniq_vv

Skill      XL: |  1  2  3  4  5  6  7  8  9 10 11 12 13 14 15 16 17 18 19 20 21 22 23 24 25 |
---------------+----------------------------------------------------------------------------+-----
Stealth        | 2 3 4 5 6 7 8 10 11 14 | 14.0
Ranged Weapons | 4 5 8 9 11 12 13 14 15 16 | 16.9
Dodging        | 2 4 6 7 8 9 10 11 | 11.0
Fighting       | 3 4 6 8 10 11 12 13 14 15 16 | 16.9
Shields        | 2 4 6 10 11 12 | 12.7
Armour         | 2 3 5 6 7 8 9 10 | 10.8
Spellcasting   | 2 4 5 6 7 9 10 11 12 13 14 | 14.4
Hexes          | 2 4 5 6 7 8 |  8.6
Translocations | 2 4 5 6 |  6.3
Transmutations | 1 4 5 7 9 10 | 10.5
Summonings     | 4 7 9 10 13 14 15 16 19 20 | 20.0
Evocations     | 3 4 5 7 |  7.6
Necromancy     | 4 7 8 10 | 10.4
Ice Magic      | 5 |  5.1
Throwing       | 3 |  3.8

Action                   |  1- 3 |  4- 6 |  7- 9 | 10-12 | 13-15 | 16-18 | 19-21 | 22-24 | 25-27 || total
-------------------------+-------+-------+-------+-------+-------+-------+-------+-------+-------++-------
Melee: Short sword       |     4 |       |       |       |       |       |       |       |       ||     4
       Hand crossbow     |       |       |       |       |       |       |     2 |       |       ||     2
 Fire: Shortbow          |    51 |    25 |       |       |       |       |       |       |       ||    76
       Sling             |     1 |   172 |    12 |       |       |       |       |       |       ||   185
       Hand crossbow     |       |       |   109 |   514 |   745 |  1368 |  1119 |  1463 |   461 ||  5779
Throw: Throwing net      |       |       |       |       |       |       |       |       |     1 ||     1
 Cast: Portal Projectile |       |       |       |       |    16 |    38 |    66 |    58 |     9 ||   187
       Wereblood         |       |       |       |       |       |    19 |     9 |    11 |     2 ||    41
       Summon Mana Viper |       |       |       |       |       |     6 |    31 |    12 |     1 ||    50
       Summon Forest     |       |       |       |       |       |     5 |    19 |     9 |       ||    33
       Yara's Violent Un |       |       |       |       |       |       |    23 |    24 |       ||    47
       Summon Hydra      |       |       |       |       |       |       |    35 |    50 |       ||    85
       Monstrous Menager |       |       |       |       |       |       |    19 |    54 |     2 ||    75
       Cause Fear        |       |       |       |       |       |       |     1 |       |       ||     1
       Haunt             |       |       |       |       |       |       |       |    21 |     4 ||    25
       Sublimation of Bl |       |       |       |       |       |       |       |     2 |     1 ||     3
       Death Channel     |       |       |       |       |       |       |       |     8 |     8 ||    16
       Dragon's Call     |       |       |       |       |       |       |       |       |    14 ||    14
       Simulacrum        |       |       |       |       |       |       |       |       |     1 ||     1
Invok: Curse Item        |       |       |     2 |     5 |     3 |     4 |     2 |     1 |     1 ||    18
       Shatter the Chain |       |       |     1 |       |     1 |     4 |     2 |       |     1 ||     9
 Abil: Spit Poison       |    22 |    25 |    22 |     6 |       |     5 |     3 |       |       ||    83
Evoke: Wand              |       |       |     5 |     1 |       |     9 |     1 |    14 |     2 ||    32
       Phantom mirror    |       |       |       |     1 |       |     1 |       |     2 |     1 ||     5
       Lightning rod     |       |       |       |       |     3 |       |       |       |       ||     3
       Tin of tremorston |       |       |       |       |       |       |       |     4 |       ||     4
       Condenser vane    |       |       |       |       |       |       |       |     3 |     1 ||     4
       Box of beasts     |       |       |       |       |       |       |       |     2 |       ||     2
       Phial of floods   |       |       |       |       |       |       |       |     1 |       ||     1
  Use: Scroll            |    10 |     6 |     5 |     3 |     1 |     6 |     3 |     6 |     2 ||    42
       Potion            |       |     1 |       |    11 |     2 |     6 |     2 |    30 |     7 ||    59
Armor: Leather armour    |     2 |    36 |    15 |       |       |       |       |       |       ||    53
       Quicksilver drago |       |       |     6 |   159 |   232 |   331 |   342 |   427 |   136 ||  1633
Dodge: Dodged            |     6 |    50 |    16 |    60 |   142 |   298 |   350 |   377 |   115 ||  1414
Block: Kite shield       |       |       |    13 |   280 |   436 |   669 |   790 |   984 |   286 ||  3458
       Reflection        |       |       |       |    10 |     7 |    46 |    76 |    25 |     3 ||   167
